Description

https://sc2swarm.com/index.php/2018/08/22/2-base-roach-zvz-by-mcmonroe/

Build Order

Get SALT Encoding   

  16  0:00  Hatchery  16 Hatch Gas Pool no Speed
  20  2:02  Queen x2, Zergling  
  30  2:39  Lair, Queen  
  35  2:51  Roach Warren, Evolution Chamber  Wall Off
  37  3:19  Extractor x2  @Natural Min Satu
  39  3:21  Zerg Missile Weapons Level 1  @Evo
  44  3:37  Glial Reconstitution  @Liar+ Overseer
  44  3:44  Evolution Chamber  
  48  4:00  Hatchery  no Later than 4:30
  47  4:13  Roach  @2 base 3 gas satu->third droning to 2,5 base satu
  68  4:42  Zerg Ground Armor Level 1, Extractor  @after Safty Roaches
  78  5:29  Zerg Missile Weapons Level 2  @+1 Finish
  160  6:45  Ravager  morph late
Spawning Tool Build Advisor. Get it on Overwolf

Analysis

Benchmark: @7:15 move out and hit at 7:30 with +2/+1, 52 drones and 180 supply

Go to:

Details

  • Created by: MadMax
  • Published on: May 24, 2020
  • Modified on: May 24, 2020
  • Patch: 4.11.0
Show
View Real Time Build Order
Export as new Build Order

Comments (0)

There are no comments. Be the first!

Create an account to comment!